 Dungeon Crawl Stone Soup version 0.30.1-4-g462c640d31 (webtiles) character file.

Game seed: 10100067568704061502

2814 Wiggles the Cleaver (level 9, -7/79 HPs)
             Began as a Minotaur Berserker on Sept 7, 2023.
             Was an Elder of Trog.
             Engulfed by a cloud of freezing vapour (23 damage)
             ... on level 6 of the Dungeon.
             The game lasted 00:07:48 (4473 turns).

Wiggles the Cleaver (Minotaur Berserker)            Turns: 4473, Time: 00:07:49

Health: -7/79      AC: 15    Str: 26    XL:     9   Next: 44%
Magic:  8/8        EV: 16    Int:  4    God:    Trog [****..]
Gold:   177        SH:  3    Dex: 10    Spells: 8/8 levels left

rFire   . . .        D - +0 war axe
rCold   . . .        z - +0 buckler
rNeg    + . .        B - +3 scale mail "Jibet" {-Tele +Inv rElec rN+ Regen+}
rPois   .            (helmet restricted)
rElec   +            (no cloak)
rCorr   .            (no gloves)
SInv    .            (no boots)
Will    .....        (no amulet) Stlth
                     n - +5 ring of evasion
HPRegen 1.13/turn    p - +4 ring of protection
MPRegen 0.11/turn

%: no teleportation
@: no status effects
A: horns 2, retaliatory headbutt
a: Renounce Religion, Evoke Invisibility, Berserk, Trog's Hand, Brothers in Arms


You were on level 6 of the Dungeon.
You worshipped Trog.
Trog was greatly pleased with you.
You visited 1 branch of the dungeon, and saw 6 of its levels.

You collected 177 gold pieces.

Inventory:

Hand Weapons
 D - a +0 war axe (weapon)
Armour
 z - a +0 buckler (worn)
 B - the +3 scale mail "Jibet" (worn) {-Tele +Inv rElec rN+ Regen+}
   (You found it on level 5 of the Dungeon)

   rElec:     It insulates you from electricity.
   rN:        It protects you from negative energy.
   +Inv:      It lets you turn invisible.
   -Tele:     It prevents most forms of teleportation.
   Regen:     It increases your rate of health regeneration.
Jewellery
 a - a ring of ice
 n - a +5 ring of evasion (left hand)
 p - a +4 ring of protection (right hand)
 w - a ring of magical power
 y - an amulet of magic regeneration
Wands
 q - a wand of mindburst (13)
Scrolls
 b - 3 scrolls of blinking {unknown}
 d - 10 scrolls of identify {unknown}
 e - 4 scrolls of teleportation {unknown}
 f - 4 scrolls of magic mapping {unknown}
 i - 3 scrolls of amnesia {unknown}
 k - 2 scrolls of immolation {unknown}
 m - a scroll of enchant armour {unknown}
 t - 2 scrolls of enchant weapon {unknown}
 v - a scroll of silence {unknown}
 x - 2 scrolls of fog {unknown}
 F - a scroll of fear {unknown}
Potions
 c - 3 potions of degeneration {unknown}
 g - 3 potions of curing
 h - a potion of ambrosia {unknown}
 j - a potion of invisibility {unknown}
 l - 2 potions of haste
 o - a potion of mutation {unknown}
 r - 2 potions of might {unknown}
 s - 2 potions of berserk rage {unknown}
 u - a potion of cancellation {unknown}
 A - 2 potions of lignification {unknown}
 C - a potion of magic {unknown}
 E - 2 potions of attraction {unknown}


   Skills:
 + Level 7.5 Fighting
 + Level 11.1 Axes
 + Level 7.4 Armour
 + Level 5.7 Dodging
 + Level 1.4 Stealth
 + Level 0.8 Shields


You had 8 spell levels left.
You didn't know any spells.
Your spell library was empty.

Dungeon Overview and Level Annotations

Branches:
Dungeon (6/15)             Temple (0/1) D:5

Altars:
Fedhas
Nemelex Xobeh
Trog

Shops:
D:5 [


Innate Abilities, Weirdness & Mutations

You have a pair of horns on your head.
You reflexively headbutt those who attack you in melee.


Message History

You feel a strong urge to attack something.
You are no longer berserk.
You are exhausted.
You feel yourself slow down.
E - 2 sapphire potions
Found a scale mail.
You now have 173 gold pieces (gained 12).
f - 4 scrolls labelled HECORYGRYIRCH (gained 1)
You see here 6 stones.
You feel yourself speed up.
Things that are here:
a +0 spear; a gnoll corpse You now have 177 gold pieces (gained 4).
Things that are here:
a +0 hand axe; a +0 robe
Things that are here:
a +0 spear; a gnoll corpse You recover from your berserk rage.
F - a scroll labelled SAYPTOIMIU You see here a +0 ring mail.
You see here a +0 flail.
There is a large open door here.
There is a stone staircase leading up here.
Partly explored, can't reach some items.
Partly explored, can't reach some items.
Really walk into that dispersal trap?
You enter a dispersal trap!
You feel a strange sense of stasis.
There is a dispersal trap here.
You open the door.
Found a stone staircase leading down.
There is an open door here.
You are engulfed in freezing vapours.
You are engulfed in freezing vapours.
You are engulfed in freezing vapours.
You are engulfed in freezing vapours.
You are engulfed in freezing vapours.
* * * LOW HITPOINT WARNING * * *
It was a potion of curing.
You feel better.
You are engulfed in freezing vapours.
You die...

....≈# #.# ....≈# #.# §≈≈.≈#
#.#
§≈≈.§#######.################
≈§≈§≈#.......#####..........#
§§≈§§#######.#.§.##.........#
# ....§#
#.....#.#§###........#####
§≈≈§§#
#.....#.#§#.#........#....
######
#.....#.#@#.#........#.###
#######.#§#.####.......#
##.#§#.###..#######
##.#§#......# ##§#§#....###
##§#.#.#.##
#####§#.#...#########
#...#§#.#...........# #
#.###§#.#.###.......# #


There were no monsters in sight!

Vanquished Creatures
  A two-headed ogre (D:6)
  Sigmund (D:6)
  Eustachio (D:4)
  Menkaure (D:4)
  2 water moccasins (D:6)
  4 ice beasts
  2 black bears (D:6)
  2 ogres
  A phantom (D:6)
  A centaur (D:5)
  A bullfrog (D:6)
  2 scorpions
  A wight (D:6)
  A hound (D:5)
  A gnoll bouda (D:6)
  2 orc priests (D:5)
  A sleepcap (D:5)
  Jessica (D:3)
  2 iguanas
  Terence (D:3)
  2 orc wizards
  3 gnolls (D:6)
  4 adders
  A shadow imp (D:3)
  A white imp (D:6)
  4 ufetubi
  A worm (D:5)
  3 dart slugs
  16 orcs
  6 bats
  7 endoplasms
  5 giant cockroaches
  5 goblins
  4 hobgoblins
  5 jackals
  7 kobolds
  6 quokkas
  8 ball pythons
  3 frilled lizards
  6 rats
126 creatures vanquished.

Notes
Turn   | Place    | Note
-------+----------+-------------------------------------------
     0 | D:1      | Wiggles the Minotaur Berserker began the quest for the Orb.
     0 | D:1      | Reached XP level 1. HP: 19/19 MP: 0/0
    71 | D:1      | Found a faded altar of an unknown god.
   181 | D:1      | Reached skill level 4 in Axes
   181 | D:1      | Reached XP level 2. HP: 27/27 MP: 1/1
   596 | D:2      | Reached XP level 3. HP: 31/33 MP: 2/2
   808 | D:2      | Reached ** piety under Trog
  1208 | D:2      | Reached skill level 5 in Axes
  1309 | D:3      | Noticed an ogre
  1318 | D:3      | Killed an ogre
  1319 | D:3      | Reached XP level 4. HP: 20/41 MP: 3/3
  1319 | D:3      | Reached XP level 5. HP: 23/47 MP: 4/4
  1446 | D:3      | Found a bloodstained altar of Trog.
  1522 | D:3      | Noticed Terence
  1525 | D:3      | Killed Terence
  1526 | D:3      | Reached skill level 6 in Axes
  1872 | D:3      | Noticed Jessica
  1883 | D:3      | Killed Jessica
  2030 | D:3      | Found a sparkling altar of Nemelex Xobeh.
  2224 | D:3      | Found a blossoming altar of Fedhas.
  2401 | D:4      | Noticed Eustachio
  2419 | D:4      | Killed Eustachio
  2420 | D:4      | Reached skill level 5 in Fighting
  2420 | D:4      | Reached XP level 6. HP: 56/56 MP: 5/5
  2469 | D:4      | Noticed Menkaure
  2480 | D:4      | Killed Menkaure
  2481 | D:4      | Reached skill level 7 in Axes
  2540 | D:4      | Reached *** piety under Trog
  2541 | D:4      | Reached XP level 7. HP: 55/61 MP: 6/6
  2797 | D:5      | Entered Level 5 of the Dungeon
  2888 | D:5      | Reached skill level 8 in Axes
  3302 | D:5      | Reached skill level 5 in Armour
  3318 | D:5      | Found Bapoclid's Antique Armour Shoppe.
  3399 | D:5      | Found a staircase to the Ecumenical Temple.
  3828 | D:5      | Identified the +3 scale mail "Jibet" {-Tele +Inv rElec rN+
                  | Regen+}
  3915 | D:6      | Reached XP level 8. HP: 70/70 MP: 7/7
  3962 | D:6      | Reached skill level 9 in Axes
  3980 | D:6      | Noticed Sigmund
  3999 | D:6      | Killed Sigmund
  4000 | D:6      | Reached skill level 1 in Stealth
  4009 | D:6      | Reached skill level 5 in Dodging
  4048 | D:6      | Reached skill level 10 in Axes
  4058 | D:6      | Noticed a two-headed ogre
  4063 | D:6      | Reached **** piety under Trog
  4071 | D:6      | Killed a two-headed ogre
  4072 | D:6      | Reached XP level 9. HP: 11/79 MP: 8/8
  4288 | D:6      | Reached skill level 11 in Axes
  4473 | D:6      | Engulfed by a cloud of freezing vapour

Illustrated notes

Levels and vault maps discovered:
D:1:      dpeg_arrival_shelter, layout_rooms, ebering_ecumenical_altar_mist,
          minmay_surrounded
D:2:      layout_loops_ring, kennysheep_generic_room_13
D:3:      layout_basic, mainiacjoe_overflow_boulevard,
          trog_three_pillars_becter, mainiacjoe_overflow_six_doors_small,
          grunt_ministairs_10, kennysheep_jessica_study, uniq_terence
D:4:      layout_rooms, uniq_menkaure, uniq_eustachio
D:5:      layout_cave_pools, minmay_temple_entry_antechambers, serial_shops,
          shop, grunt_ministairs_13, minivault_5
D:6:      lemuel_ice_spiral_2, layout_rooms, kennysheep_dice, uniq_sigmund

Skill      XL: |  1  2  3  4  5  6  7  8  9 |
---------------+----------------------------+-----
Axes           | 4 5 6 7 8 10 11 | 11.1
Fighting       | 4 5 7 |  7.5
Armour         | 3 5 7 |  7.4
Dodging        | 3 4 5 |  5.7
Stealth        | 1 |  1.4
Shields        | |  0.8

Action                     |  1- 3 |  4- 6 |  7- 9 || total
---------------------------+-------+-------+-------++-------
  Melee: Hand axe          |    71 |    64 |   127 ||   262
         Headbutt          |     5 |    17 |    27 ||    49
         Punch             |     1 |       |     1 ||     2
         War axe           |       |       |    35 ||    35
 Invoke: Berserk           |     1 |     3 |     3 ||     7
    Use: Potion            |       |       |     1 ||     1
 Armour: Leather armour    |    17 |     1 |       ||    18
         Scale mail        |       |    19 |    54 ||    73
         Chain mail        |       |       |    17 ||    17
  Dodge: Dodged            |    44 |    37 |   142 ||   223
  Block: Buckler           |       |       |     8 ||     8
